 Dungeon Crawl Stone Soup version 0.31.0-11-ge490571c62 (webtiles) character file.

Game seed: 17412550604267776632

2881 SmokeWeed the Fighter (level 9, -3/69 HPs)
             Began as an Octopode Enchanter on Jan 30, 2024.
             Was a Follower of Dithmenos.
             Slain by an ice beast (13 damage)
             ... on level 7 of the Dungeon.
             The game lasted 00:21:00 (4407 turns).

SmokeWeed the Fighter (Octopode Enchanter)          Turns: 4407, Time: 00:21:00

Health: -3/69      AC:  1    Str:  7    XL:     9   Next: 76%
Magic:  12/19      EV: 15    Int: 17    God:    Dithmenos [*.....]
Gold:   281        SH:  0    Dex: 23    Spells: 13/21 levels left

rFire   . . .        o - +1 dagger (elec)
rCold   . . .        (no shield)
rNeg    + . .        (helmet restricted)
rPois   .            h - amulet of regeneration
rElec   .            k - +6 ring of dexterity
rCorr   .            j - ring of willpower
SInv    .            w - ring of positive energy
Will    +....        r - ring of flight
Stlth   ++++++++     (no ring)
HPRegen 1.11/turn    (no ring)
MPRegen 0.16/turn    (no ring)
                     (no ring)

%: no passive effects
@: flying, wreathed by umbra, studying Fighting
A: almost no armour, amphibious, 8 rings, camouflage 1, gelatinous body 1,
nimble swimmer 1, tentacles
a: Renounce Religion


You were on level 7 of the Dungeon.
You worshipped Dithmenos.
Dithmenos was aware of your devotion.
You visited 1 branch of the dungeon, and saw 7 of its levels.

You collected 281 gold pieces.

Inventory:

Hand Weapons
 b - a +0 rapier of venom
 o - a +1 dagger of electrocution (weapon)
Missiles
 y - 3 javelins (quivered)
Jewellery
 a - a ring of ice
 h - an amulet of regeneration (around mantle)
 j - a ring of willpower (right tentacle)
 k - a +6 ring of dexterity (left tentacle)
 r - a ring of flight (on tentacle)
 w - a ring of positive energy (on tentacle)
Talismans
 s - a blade talisman
 u - a maw talisman
Wands
 q - a wand of polymorph (9)
 t - a wand of flame (15)
 x - a wand of iceblast (9)
Scrolls
 e - 2 scrolls of amnesia
 n - a scroll of immolation
Potions
 c - 2 potions of magic
 d - a potion of haste
 f - 2 potions of enlightenment
 g - 5 potions of curing
 i - a potion of cancellation
 l - 2 potions of heal wounds
 m - a potion of brilliance {unknown}
 p - a potion of experience {unknown}


   Skills:
 + Level 9.4 Fighting
 + Level 3.0 Short Blades
 + Level 1.7 Axes
 + Level 3.4 Dodging
 + Level 8.4 Stealth
 + Level 6.7 Spellcasting
 + Level 2.9 Conjurations
 + Level 4.9 Hexes
 + Level 1.1 Ice Magic


You had 13 spell levels left.
You knew the following spells:

 Your Spells              Type           Power      Damage    Failure   Level
a - Ensorcelled Hibernat  Hex/Ice        32%        N/A       5%          2
b - Dazzling Flash        Conj/Hex       38%        N/A       7%          3
c - Tukima's Dance        Hex            22%        N/A       4%          3

Your spell library contained the following spells:

 Spells                   Type           Power      Damage    Failure   Level
 Confusing Touch          Hex            22%        N/A       4%          3
 Kiss of Death            Conj/Necr      40%        2d8       7%          1
 Lesser Beckoning         Tloc           10%        N/A       19%         2
 Gell's Gravitas          Tloc           5%         N/A       34%         3
 Teleport Other           Tloc           5%         N/A       34%         3
 Dispel Undead            Necr           5%         3d7       75%         4
 Dispersal                Tloc           2%         N/A       100%        6


Dungeon Overview and Level Annotations

Branches:
Dungeon (7/15)             Temple (0/1) D:5

Altars:
Ashenzari
Dithmenos
Fedhas
Hepliaklqana
Kikubaaqudgha
Makhleb
Vehumet
Wu Jian
Xom
Yredelemnul

Shops:
D:5 (

Annotations:
D:7 2 transporters, Maggie; Rem's ghost, novice MiBe


Innate Abilities, Weirdness & Mutations

You cannot wear most types of armour.
You are amphibious.
You can wear up to eight rings at the same time.
Your skin changes colour to match your surroundings (Stealth+).
Your rubbery body absorbs attacks. (AC +1, EV +1)
You are camouflaged when in or above water. (Stealth+)
You have tentacles for arms and can constrict up to eight enemies at once.


Message History

Look: an ice beast (water, umbra, chance to dazzle: 57%)
The ice beast hits you. The ice beast freezes you!
You hit the ice beast.
You squeeze the ice beast, but do no damage.
The ice beast is moderately wounded.
The ice beast hits you. The ice beast freezes you!
You hit the ice beast. You squeeze the ice beast!
The ice beast is severely wounded.
You hit the ice beast but do no damage.
You squeeze the ice beast, but do no damage.
The ice beast is severely wounded.
The ice beast closely misses you.
You hit the ice beast but do no damage.
The ice beast is severely wounded.
The ice beast closely misses you.
You hit the ice beast but do no damage.
Your tentacle-slap misses the ice beast.
The ice beast is severely wounded.
The ice beast hits you. The ice beast freezes you.
You hit the ice beast. Your squeeze misses the ice beast.
The ice beast is severely wounded.
The ice beast closely misses you.
You barely miss the ice beast. Your squeeze misses the ice beast.
The ice beast is severely wounded.
You closely miss the ice beast.
The ice beast is severely wounded.
The ice beast completely misses you.
You closely miss the ice beast.
The ice beast is severely wounded.
The ice beast hits you. The ice beast freezes you!
You hit the ice beast.
The ice beast is almost dead.
The ice beast hits you. The ice beast freezes you!
* * * LOW HITPOINT WARNING * * *
You completely miss the ice beast.
The ice beast is almost dead.
The ice beast hits you.
* * * LOW HITPOINT WARNING * * *
The ice beast freezes you!
You die...

#...≈≈##
#≈≈...##..
##..≈≈##
#≈≈.. #..
#...≈##
#≈. #.#
#...≈# #.#
#...## #.#
#...≈# #.#
#...≈##
##..≈≈##
#...≈@#
##...≈Y#
##...≈≈≈
##.......
##........
###.....#
######


You could see an ice beast.

Vanquished Creatures
  Joseph (D:7)
  Grinder (D:3)
  A hornet (D:7)
  Sigmund (D:4)
  Eustachio (D:4)
  Menkaure (D:7)
  2 water moccasins
  3 ogres (D:5)
  A centaur (D:6)
  2 phantoms
  A kobold brigand (D:7)
  A bullfrog (D:7)
  A scorpion (D:4)
  4 howler monkeys
  An electric eel (D:7)
  2 bombardier beetles (D:5)
  4 hounds
  2 jellies
  An orc priest (D:5)
  A sleepcap (D:6)
  A gnoll bouda (D:7)
  3 iguanas
  Robin (D:4)
  8 gnolls
  6 adders
  2 white imps
  6 dart slugs
  2 ribbon worms (D:4)
  6 orcs
  9 ball pythons
  3 endoplasms
  8 giant cockroaches
  8 goblins
  13 hobgoblins
  A jackal (D:4)
  12 kobolds
  2 quokkas
  7 bats
  4 frilled lizards
  11 rats
145 creatures vanquished.

Vanquished Creatures (others)
  An orc wizard (D:5)
  An orc (D:5)
2 creatures vanquished.

Grand Total: 147 creatures vanquished

Notes
Turn   | Place    | Note
-------+----------+-------------------------------------------
     0 | D:1      | SmokeWeed the Octopode Enchanter began the quest for the
                  | Orb.
     0 | D:1      | Reached XP level 1. HP: 11/11 MP: 3/3
   151 | D:1      | Reached XP level 2. HP: 13/17 MP: 5/5
   382 | D:1      | Reached XP level 3. HP: 21/21 MP: 6/6
   385 | D:1      | Learned a level 2 spell: Ensorcelled Hibernation
   776 | D:2      | Reached skill level 5 in Stealth
   778 | D:2      | Reached XP level 4. HP: 17/27 MP: 3/7
  1039 | D:2      | Learned a level 3 spell: Dazzling Flash
  1344 | D:2      | Reached XP level 5. HP: 32/32 MP: 8/8
  1921 | D:3      | Noticed Grinder
  1924 | D:3      | Reached skill level 1 in Conjurations
  1940 | D:3      | Killed Grinder
  1941 | D:3      | Reached skill level 1 in Fighting
  1941 | D:3      | Reached skill level 1 in Axes
  1941 | D:3      | Reached XP level 6. HP: 38/38 MP: 8/10
  2252 | D:3      | Learned a level 3 spell: Tukima's Dance
  2459 | D:4      | Reached XP level 7. HP: 8/43 MP: 11/11
  2526 | D:4      | Noticed Eustachio
  2534 | D:4      | Killed Eustachio
  2597 | D:4      | Noticed Robin
  2630 | D:4      | Killed Robin
  2700 | D:4      | Noticed Sigmund
  2705 | D:4      | Killed Sigmund
  2832 | D:4      | Reached XP level 8. HP: 48/48 MP: 13/13
  2902 | D:5      | Entered Level 5 of the Dungeon
  2953 | D:5      | Found a basalt altar of Yredelemnul.
  2955 | D:5      | Found a hazy altar of Hepliaklqana.
  2958 | D:5      | Found a shadowy altar of Dithmenos.
  2962 | D:5      | Found a radiant altar of Vehumet.
  2964 | D:5      | Found an ornate altar of the Wu Jian Council.
  2967 | D:5      | Found a blossoming altar of Fedhas.
  2968 | D:5      | Found a shimmering altar of Xom.
  2970 | D:5      | Found an ancient bone altar of Kikubaaqudgha.
  2981 | D:5      | Reached skill level 3 in Fighting
  2989 | D:5      | Became a worshipper of Dithmenos the Shadowed
  2997 | D:5      | Found a broken altar of Ashenzari.
  2998 | D:5      | Found a burning altar of Makhleb.
  3002 | D:5      | Reached skill level 4 in Fighting
  3012 | D:5      | Reached skill level 5 in Fighting
  3123 | D:5      | Reached skill level 6 in Fighting
  3136 | D:5      | Found Qicy's Antique Weapon Shoppe.
  3197 | D:5      | Reached skill level 7 in Fighting
  3359 | D:5      | Reached skill level 8 in Fighting
  3419 | D:5      | Found a staircase to the Ecumenical Temple.
  3812 | D:6      | Reached skill level 9 in Fighting
  3835 | D:6      | Reached XP level 9. HP: 68/68 MP: 14/14
  3863 | D:6      | You fall into a shaft and drop 1 floor!
  3929 | D:7      | Noticed Maggie
  3935 | D:7      | Noticed Menkaure
  3952 | D:7      | Killed Menkaure
  3953 | D:7      | Reached skill level 5 in Spellcasting
  4014 | D:7      | Found a transporter.
  4022 | D:7      | Found a transporter.
  4022 | D:7      | Noticed a troll
  4022 | D:7      | Noticed Rem's ghost (novice MiBe)
  4106 | D:7      | Reached * piety under Dithmenos
  4113 | D:7      | Noticed a hornet
  4133 | D:7      | Killed a hornet
  4261 | D:7      | Noticed Joseph
  4282 | D:7      | Killed Joseph
  4283 | D:7      | Reached skill level 1 in Ice Magic
  4407 | D:7      | Slain by an ice beast

Illustrated notes

Levels and vault maps discovered:
D:1:      scummos_arrival_gate, layout_loops_ring, minmay_misc_feat_doors,
          st_stairs_8
D:2:      layout_loops_ring
D:3:      layout_basic, hangedman_decor_growths, uniq_grinder
D:4:      layout_cave_pools, minmay_manual_macuahuitl, uniq_robin, uniq_sigmund,
          uniq_eustachio
D:5:      layout_loops_ring, nicolae_overflow_hallway_of_the_gods,
          minmay_temple_entry_wispy, nicolae_take_the_stairs
D:6:      layout_rooms, minmay_misc_feat_more_columns, lexackson_kobold_supper
D:7:      layout_rooms, gammafunk_ghost_arena, minivault_5,
          dreamdust_princess_corridor, kennysheep_donut,
          minmay_increasing_density, uniq_pikel, uniq_maggie, uniq_menkaure,
          uniq_joseph

Skill      XL: |  1  2  3  4  5  6  7  8  9 |
---------------+----------------------------+-----
Stealth        | 5 6 7 8 |  8.4
Conjurations   | 1 2 |  2.9
Fighting       | 1 9 |  9.4
Axes           | 1 |  1.7
Hexes          | 4 |  4.9
Spellcasting   | 3 6 |  6.7
Short Blades   | 2 3 |  3.0
Dodging        | 3 |  3.4
Ice Magic      | 1 |  1.1

Action                     |  1- 3 |  4- 6 |  7- 9 || total
---------------------------+-------+-------+-------++-------
  Melee: Dagger            |    59 |    80 |   137 ||   276
         Constrict         |    17 |    31 |    28 ||    76
         Tentacles         |    11 |    27 |    34 ||    72
         Punch             |       |     3 |     5 ||     8
         Hand axe          |       |    32 |       ||    32
         Rapier            |       |       |    28 ||    28
  Throw: Throwing net      |       |     1 |       ||     1
         Javelin           |       |       |     1 ||     1
   Cast: Ensorcelled Hiber |     2 |     8 |     8 ||    18
         Dazzling Flash    |       |       |     4 ||     4
         Tukima's Dance    |       |       |     2 ||     2
    Use: Scroll            |     2 |     1 |    10 ||    13
         Potion            |     1 |     2 |     3 ||     6
   Stab: Sleeping          |     6 |    17 |    21 ||    44
         Invisible         |     1 |     3 |     6 ||    10
         Distracted        |       |     1 |       ||     1
         Held in net/web   |       |     1 |       ||     1
 Armour: Skin              |    19 |    47 |    64 ||   130
  Dodge: Dodged            |    35 |    81 |    88 ||   204
